 Dungeon Crawl Stone Soup version 0.17-a0-1887-g3e50df6 (webtiles) character file.

95422 shakdrar the Bludgeoner (level 15, -2/132 HPs)
             Began as a Minotaur Berserker on Sept 23, 2015.
             Was a High Priest of Trog.
             Slain by the 27-headed Lernaean hydra (4 damage)
             ... on level 4 of the Swamp.
             The game lasted 02:51:06 (35876 turns).

shakdrar the Bludgeoner (Minotaur Berserker)       Turns: 35876, Time: 02:51:07

Health: -2/132     AC: 20    Str: 35    XL:     15   Next: 66%
Magic:  20/20      EV: 16    Int:  4    God:    Trog [*****.]
Gold:   1366       SH: 16    Dex: 15    Spells: 0 memorised, 14 levels left

rFire  . . .     SeeInvis +     D - +2 whip (drain)
rCold  . . .     Clarity  +     c - +1 chain mail of the Untouchables {rPois Str+3 Int-2}
rNeg   . . .     SustAt   .     C - +0 shield
rPois  +         Gourm    .     (helmet restricted)
rElec  .         Spirit   .     V - +0 cloak {rPois}
rCorr  .         Warding  .     y - +1 pair of gloves
rMut   .         Stasis   .     X - +0 pair of boots "Zilinoxt" {Str+4 Dex+4}
MR     ++...                    s - amulet "Veokhlaut" {Clar Str+3}
Stlth  ..........               q - ring of protection from magic
                                a - ring of see invisible

@: about to teleport, flying, very slightly contaminated, very resistant to
hostile enchantments, extremely unstealthy
A: retaliatory headbutt, horns 2
a: Burn Spellbooks, Berserk, Trog's Hand, Brothers in Arms, Renounce Religion


You were on level 4 of the Swamp.
You worshipped Trog.
Trog was extremely pleased with you.
You were hungry.

You visited 5 branches of the dungeon, and saw 29 of its levels.
You also visited: Ice Cave.

You collected 2593 gold pieces.
You spent 1227 gold pieces at shops.

Inventory:

Hand weapons
 r - a +2 whip of flaming
 w - a +4 whip of electrocution
 z - a +3 antimagic mace
 D - a +2 whip of draining (weapon)
 P - a +2 whip of holy wrath
 R - a +0 blowgun
 T - the +9 spear of the Hills {pierce, rElec rF- Int+5 Stlth+}
   (You found it on level 10 of the Dungeon)

   It inflicts extra damage upon your enemies.
   It affects your intelligence (+5).
   It makes you vulnerable to fire.
   It insulates you from electricity.
   It makes you more stealthy.
Missiles
 j - 8 steel tomahawks (quivered)
 H - 111 poisoned needles
 Q - 8 curare-tipped needles
Armour
 c - the +1 chain mail of the Untouchables (worn) {rPois Str+3 Int-2}
   (You found it on level 7 of the Lair of Beasts)

   It affects your strength (+3).
   It affects your intelligence (-2).
   It protects you from poison.
 m - a +0 chain mail of cold resistance
 y - a +1 pair of gloves (worn)
 C - a +0 shield (worn)
 O - a +0 chain mail of fire resistance
 V - a +0 cloak of poison resistance (worn)
 X - the +0 pair of boots "Zilinoxt" (worn) {Str+4 Dex+4}
   (You bought it in a shop on level 3 of the Orcish Mines)

   It affects your strength (+4).
   It affects your dexterity (+4).
Jewellery
 a - a ring of see invisible (left hand)
 g - an uncursed amulet of clarity
 l - an uncursed amulet of stasis
 q - a ring of protection from magic (right hand)
 s - the amulet "Veokhlaut" (around neck) {Clar Str+3}
   (You found it in an ice cave)

   [amulet of clarity]

   It provides mental clarity.
   It affects your strength (+3).
 F - an uncursed ring of stealth
 Z - an uncursed ring of teleportation
Magical devices
 h - a wand of disintegration (17)
 k - a wand of fireball (4)
 J - a wand of fireball (2)
 L - a wand of teleportation (3)
 Y - a wand of digging (9)
Scrolls
 b - 8 scrolls of identify
 i - 4 scrolls of teleportation
 t - a scroll of enchant armour
 x - 3 scrolls of remove curse
 I - a scroll of recharging
Potions
 o - a potion of lignification {unknown}
 v - 3 potions of flight
 A - 2 potions of berserk rage {unknown}
 B - 5 potions of heal wounds
 E - 4 potions of curing
Books
 f - a book of Summonings

   Spells                             Type                      Level
   a - Recall                         Summoning/Translocation      3
   b - Aura of Abjuration             Summoning                    5
   c - Shadow Creatures               Summoning                    5
   d - Summon Demon                   Summoning                    5
   e - Summon Forest                  Summoning/Translocation      5
   f - Summon Mana Viper              Hexes/Summoning              5
   Trog disapproves of the use of such an item.
 u - the Disquisition on the Voyage and Black Rituals
   (You found it on level 8 of the Lair of Beasts)

   Spells                             Type                      Level
   a - Sublimation of Blood           Necromancy                   2
   b - Gell's Gravitas                Hexes/Translocation          3
   c - Force Lance                    Conjuration/Translocation    4
   d - Phase Shift                    Translocation                5
   e - Death Channel                  Necromancy                   6
   Trog disapproves of the use of such an item.
Miscellaneous
 p - an ornate deck of wonders
Comestibles
 d - a bread ration
 n - 3 meat rations
 K - a slice of pizza


   Skills:
 + Level 11.7 Fighting
 * Level 16.4 Maces & Flails
 + Level 14.4 Armour
 + Level 11.2 Dodging
 - Level 15.5 Shields
 - Level 9.0 Evocations


You had 14 spell levels left.
You didn't know any spells.

Dungeon Overview and Level Annotations

Branches:
Dungeon (12/15)            Temple (1/1) D:6            Lair (8/8) D:9
  Swamp (4/4) Lair:6       Spider (0/4) Lair:5        Slime (0/6) Lair:7
    Orc (4/4) D:10            Elf (0/3) Orc:3

Altars:
Ashenzari
Cheibriados
Dithmenos
Elyvilon
Fedhas
Gozag
Kikubaaqudgha
Makhleb
Nemelex Xobeh
Okawaru
Qazlal
Ru
Sif Muna
Trog
Vehumet
Xom
Yredelemnul
Zin
The Shining One
Beogh
Jiyva

Shops:
D:5 :   D:8 *%[   D:12 }   Orc:3 [*(   Orc:4 *[((*

Annotations:
Swamp:4 Lernaean hydra


Innate Abilities, Weirdness & Mutations

You reflexively headbutt those who attack you in melee.
You have a pair of horns on your head.


Message History

* * * LOW HITPOINT WARNING * * *
Drink which item? (? for menu, Esc to quit)
You feel very buoyant.
You fly up into the air.
The 27-headed Lernaean hydra closely misses you.
The 27-headed Lernaean hydra bites you but does no damage.
You block the 27-headed Lernaean hydra's attack. x2
The 27-headed Lernaean hydra closely misses you.
The 27-headed Lernaean hydra bites you!
* * * LOW HITPOINT WARNING * * *
The 27-headed Lernaean hydra bites you but does no damage.
The 27-headed Lernaean hydra bites you.
* * * LOW HITPOINT WARNING * * *
The 27-headed Lernaean hydra bites you but does no damage.
The 27-headed Lernaean hydra bites you!
* * * LOW HITPOINT WARNING * * *
The 27-headed Lernaean hydra bites you but does no damage. x5
The 27-headed Lernaean hydra closely misses you.
The 27-headed Lernaean hydra bites you.
You die...

.≈≈≈≈≈.♣♣♣..≈≈≈.≈♣♣
≈≈≈≈.♣≈...≈≈≈≈≈≈≈.♣
≈≈≈≈≈♣≈≈.≈≈≈≈≈≈≈≈≈♣
≈≈.≈♣♣≈≈≈≈≈≈f≈≈≈≈.♣
..♣♣♣♣...♣≈.≈≈≈≈≈≈♣♣
♣♣♣ ♣♣♣♣♣♣♣.≈≈≈≈≈.♣♣
♣..≈≈≈≈§.♣
♣♣..≈≈≈≈.♣♣
♣≈..@≈..≈♣♣
♣♣♣≈D♣♣.§P♣
≈.≈♣D.≈≈≈♣♣
♣..♣♣♣≈≈≈≈.♣ ♣♣♣
♣PPP≈.♣


♣PPPP♣♣ ♣. ♣....♣ ♣♣≈≈. ♣♣♣♣♣D...♣ ♣♣♣≈.. ♣♣♣♣.≈....♣♣♣ You could see the
27-headed Lernaean hydra, a thorn hunter, an eight-headed hydra and a swamp
dragon.

Vanquished Creatures
  Rupert (Orc:2)
  2 thorn hunters
  Maud (Orc:4)
  Nessos (Lair:8)
  Snorg (Lair:4)
  14 hydras
  2 alligators (Swamp:2)
  A catoblepas (Lair:7)
  9 death yaks
  2 ogre magi (Orc:4)
  11 slime creatures
  Urug (Lair:4)
  Nergalle (D:11)
  2 deep trolls (Orc:4)
  2 swamp dragons
  2 hill giants
  A flayed ghost (D:8)
  5 shambling mangroves
  Pikel (D:7)
  4 ugly things
  2 black mambas
  A cyclops (Orc:4)
  An orc sorcerer (Orc:4)
  Maurice (Orc:2)
  14 spiny frogs
  10 komodo dragons
  2 fire drakes
  2 spriggan druids
  7 polar bears
  5 trolls (Orc:4)
  21 blink frogs
  3 giant leeches
  5 two-headed ogres (Orc:4)
  6 bog bodies
  A boulder beetle (Lair:7)
  20 yaks
  3 redbacks (Lair:8)
  5 wraiths (D:8)
  2 shadows
  A fire bat (D:8)
  A hungry ghost (D:12)
  7 vampire mosquitoes
  A deep elf mage (D:11)
  25 wolves
  A steam dragon (Lair:3)
  18 spriggans
  3 basilisks
  4 hippogriffs
  A soldier ant (D:12)
  3 wargs
  23 swamp worms
  2 mottled dragons (D:11)
  2 slaves (D:7)
  7 porcupines
  8 spiders (Lair:5)
  9 swamp drakes
  6 black bears
  3 ice beasts
  13 wasps
  The ghost of ololoev the Chopper, an average MiBe of Trog (D:4)
  3 sky beasts
  10 water moccasins
  13 orc warriors
  6 centaurs
  A necrophage (D:5)
  20 crocodiles
  16 ogres
  22 giant frogs
  A wyvern zombie (D:11)
  A gnoll sergeant (D:12)
  18 killer bees
  6 scorpions
  The ghost of ololoev the Chopper, a weakling MiBe of Trog (D:3)
  A water moccasin skeleton (D:10)
  7 electric eels
  6 crimson imps
  A centaur zombie (D:5)
  A giant frog zombie (D:8)
  3 hounds
  8 iguanas
  13 orc priests
  Ijyb (D:3)
  A gnoll shaman (D:5)
  5 jellies
  23 orc wizards
  6 giant frog skeletons
  9 worker ants
  24 sheep
  A hound zombie (D:8)
  2 hound skeletons
  34 gnolls
  A worker ant zombie (D:5)
  12 adders
  78 river rats
  3 shadow imps
  An ooze (D:1)
  2 adder skeletons (D:4)
  2 worms (D:5)
  6 giant geckos
  159 orcs
  20 bats
  7 goblins
  4 hobgoblins
  37 jackals
  10 kobolds
  7 quokkas
  A ball python (D:1)
  A ball python skeleton (D:4)
  9 giant cockroaches
  2 giant gecko skeletons
  5 giant newts
  A jackal zombie (D:7)
  A quokka zombie (D:8)
  4 rats
  5 plants
956 creatures vanquished.

Vanquished Creatures (collateral kills)
  Nikola (Swamp:4)
  Donald (Orc:4)
  A hydra (Swamp:4)
  A ghost crab (Swamp:3)
  Sonja (D:10)
  2 swamp dragons (Swamp:4)
  A hill giant (Orc:4)
  A shambling mangrove (Swamp:4)
  A cyclops (Orc:4)
  2 slime creatures (Swamp:3)
  2 trolls (Orc:4)
  A two-headed ogre (Orc:4)
  A bog body (Swamp:3)
  A swamp drake (Swamp:4)
  A wasp (Swamp:2)
  5 ogres (Orc:4)
23 creatures vanquished.

Vanquished Creatures (others)
  A basilisk (Lair:7)
  A swamp worm (Swamp:4)
  A wolf (IceCv)
  A swamp drake (Swamp:4)
  An ogre (Orc:4)
  A giant frog (Lair:7)
  A briar patch (Swamp:3)
  56 fungi
  15 plants
78 creatures vanquished.

Grand Total: 1057 creatures vanquished

Notes
Turn   | Place    | Note
--------------------------------------------------------------
     0 | D:1      | shakdrar the Minotaur Berserker began the quest for the Orb.
     0 | D:1      | Reached XP level 1. HP: 19/19 MP: 0/0
   251 | D:1      | Reached XP level 2. HP: 27/27 MP: 1/1
   509 | D:1      | Reached skill level 4 in Maces & Flails
   544 | D:1      | Acquired Trog's second power
   821 | D:1      | Reached XP level 3. HP: 33/33 MP: 2/2
  1394 | D:2      | Found a blossoming altar of Fedhas.
  1801 | D:3      | Noticed Ijyb
  1810 | D:3      | Killed Ijyb
  1810 | D:3      | Reached XP level 4. HP: 32/41 MP: 3/3
  2003 | D:3      | Noticed ololoev's ghost (weakling MiBe)
  2008 | D:3      | Killed ololoev's ghost
  2008 | D:3      | Reached skill level 5 in Maces & Flails
  2010 | D:3      | Reached XP level 5. HP: 47/47 MP: 4/4
  2532 | D:3      | Found a sacrificial altar of Ru.
  2581 | D:4      | Noticed ololoev's ghost (average MiBe)
  2590 | D:4      | Killed ololoev's ghost
  2590 | D:4      | Reached skill level 5 in Fighting
  2693 | D:4      | Found an iron altar of Okawaru.
  2696 | D:4      | Reached XP level 6. HP: 56/56 MP: 5/5
  2851 | D:4      | Reached skill level 6 in Maces & Flails
  3056 | D:4      | Found a shimmering altar of Xom.
  3064 | D:4      | Found a radiant altar of Vehumet.
  3065 | D:4      | Found a bloodstained altar of Trog.
  3244 | D:5      | Entered Level 5 of the Dungeon
  3305 | D:5      | Found Pekav's Book Shoppe.
  3537 | D:5      | Reached XP level 7. HP: 39/61 MP: 6/6
  3742 | D:5      | Reached skill level 7 in Maces & Flails
  4040 | D:5      | Reached skill level 5 in Armour
  4379 | D:5      | Acquired Trog's third power
  4428 | D:5      | HP: 4/94 [gnoll (6)]
  4769 | D:5      | Reached XP level 8. HP: 63/70 MP: 7/7
  4830 | D:5      | Reached skill level 5 in Dodging
  4961 | D:5      | Reached skill level 8 in Maces & Flails
  5658 | D:5      | Received a gift from Trog
  5924 | D:6      | Reached skill level 9 in Maces & Flails
  6527 | D:6      | Reached XP level 9. HP: 60/79 MP: 8/8
  6688 | D:6      | Found a staircase to the Ecumenical Temple.
  6694 | Temple   | Entered the Ecumenical Temple
  7045 | D:6      | Reached skill level 10 in Maces & Flails
  7907 | D:7      | Noticed Pikel
  7914 | D:7      | Killed Pikel
  7914 | D:7      | Reached skill level 11 in Maces & Flails
  8838 | D:8      | Found Gaud's Assorted Antiques.
  8846 | D:8      | Bought a scroll of identify for 60 gold pieces
  8846 | D:8      | Bought a pair of glowing gloves for 135 gold pieces
  8861 | D:8      | Found Mouz's Food Emporium.
  8884 | D:8      | Reached XP level 10. HP: 90/90 MP: 9/9
  9107 | D:8      | Found a glowing golden altar of the Shining One.
  9178 | D:8      | Found a runed door.
  9182 | D:8      | Found a shimmering altar of Xom.
  9190 | D:8      | Found a basalt altar of Yredelemnul.
  9268 | D:8      | Found a shadowy altar of Dithmenos.
  9326 | D:8      | Reached skill level 12 in Maces & Flails
  9344 | D:8      | Found a glowing silver altar of Zin.
  9362 | D:8      | Noticed a flayed ghost
  9615 | D:8      | Killed a flayed ghost
  9697 | D:8      | Got an ancient ring mail
  9701 | D:8      | Got a twitching bone ring
  9703 | D:8      | Identified the cursed ring "Kylon" {Str+2 Slay-2} (You found it on level 8 of the Dungeon)
  9714 | D:8      | Identified the +2 ring mail "Vegahom" {Str+4} (You found it on level 8 of the Dungeon)
  9761 | D:8      | Found a sacrificial altar of Ru.
  9902 | D:8      | Found Askus's Armour Boutique.
 10417 | D:9      | Found a glowing silver altar of Zin.
 10417 | D:9      | Found a burning altar of Makhleb.
 10418 | D:9      | Noticed a balrug
 10418 | D:9      | Noticed an angel
 10472 | D:9      | Found a basalt altar of Yredelemnul.
 10474 | D:9      | Noticed a profane servitor
 10479 | D:9      | Found a staircase to the Lair.
 10757 | D:9      | Found a glowing golden altar of the Shining One.
 10759 | D:9      | Noticed an angel
 10908 | D:10     | Entered Level 10 of the Dungeon
 11114 | D:10     | Found a roughly hewn altar of Beogh.
 11114 | D:10     | Found a staircase to the Orcish Mines.
 11198 | D:10     | Reached skill level 1 in Evocations
 11258 | D:10     | Noticed Sonja
 11265 | D:10     | Killed Sonja
 11265 | D:10     | Received a gift from Trog
 11456 | D:10     | Got an ancient spear
 11457 | D:10     | Identified the +9 spear of the Hills {pierce, rElec rF- Int+5 Stlth+} (You found it on level 10 of the Dungeon)
 11717 | D:10     | Reached skill level 13 in Maces & Flails
 12412 | Lair:1   | Entered Level 1 of the Lair of Beasts
 12447 | Lair:1   | Reached XP level 11. HP: 94/97 MP: 11/11
 13425 | Lair:2   | Found a frozen archway.
 13438 | IceCv    | Entered an ice cave
 13446 | IceCv    | Reached skill level 10 in Fighting
 13528 | IceCv    | Got a brightly glowing diamond amulet
 13530 | IceCv    | Identified the amulet "Veokhlaut" {Clar Str+3} (You found it in an ice cave)
 13837 | IceCv    | Noticed an ice statue
 15082 | Lair:3   | Received a gift from Trog
 15082 | Lair:3   | Reached skill level 10 in Armour
 15594 | Lair:3   | Noticed a four-headed hydra
 15609 | Lair:3   | Killed a four-headed hydra
 15609 | Lair:3   | Reached skill level 14 in Maces & Flails
 15845 | Lair:3   | Noticed a five-headed hydra
 15857 | Lair:3   | Killed a five-headed hydra
 16291 | Lair:4   | Noticed Snorg
 16309 | Lair:4   | Killed Snorg
 16309 | Lair:4   | Reached XP level 12. HP: 84/107 MP: 12/14
 16784 | Lair:4   | Noticed a death yak
 16792 | Lair:4   | Noticed a death yak
 16796 | Lair:4   | Noticed a death yak
 16802 | Lair:4   | Killed a death yak
 16802 | Lair:4   | Reached skill level 5 in Shields
 16814 | Lair:4   | Killed a death yak
 16821 | Lair:4   | Killed a death yak
 16821 | Lair:4   | Reached skill level 5 in Evocations
 17056 | Lair:4   | Noticed Urug
 17065 | Lair:4   | Killed Urug
 18182 | Lair:5   | Found a hole to the Spider Nest.
 18836 | Lair:6   | Found a staircase to the Swamp.
 18976 | Lair:6   | Found a glowing silver altar of Zin.
 19013 | Lair:6   | Reached skill level 10 in Shields
 19299 | Lair:6   | Noticed a four-headed hydra
 19308 | Lair:6   | Killed a four-headed hydra
 19308 | Lair:6   | Received a gift from Trog
 19811 | Lair:6   | Noticed a six-headed hydra
 19821 | Lair:6   | Killed a six-headed hydra
 19821 | Lair:6   | Reached XP level 13. HP: 76/114 MP: 17/17
 20830 | Lair:7   | Found a staircase to the Slime Pits.
 20830 | Lair:7   | Found a viscous altar of Jiyva.
 21099 | Lair:7   | Got a crude chain mail
 21110 | Lair:7   | Identified the +1 chain mail of the Untouchables {rPois Str+3 Int-2} (You found it on level 7 of the Lair of Beasts)
 21589 | Lair:7   | Received a gift from Trog
 22141 | Lair:8   | Entered Level 8 of the Lair of Beasts
 22585 | Lair:8   | Noticed Nessos
 22597 | Lair:8   | Killed Nessos
 23100 | Lair:8   | Received a gift from Trog
 23301 | Lair:8   | Identified the Disquisition on the Voyage and Black Rituals (You found it on level 8 of the Lair of Beasts)
 23752 | Lair:8   | Reached XP level 14. HP: 122/122 MP: 19/19
 24203 | Lair:8   | Received a gift from Trog
 25243 | D:11     | Found a white marble altar of Elyvilon.
 25543 | D:11     | Noticed Nergalle
 25592 | D:11     | Killed Nergalle
 26330 | D:12     | Found Tetsaf's Gadget Shoppe.
 27113 | Orc:1    | Entered Level 1 of the Orcish Mines
 27139 | Orc:1    | Received a gift from Trog
 27549 | Orc:2    | Noticed Maurice
 27560 | Orc:2    | Killed Maurice
 27958 | Orc:2    | Noticed Rupert
 27969 | Orc:2    | Killed Rupert
 27969 | Orc:2    | Reached skill level 15 in Shields
 28030 | Orc:2    | Received a gift from Trog
 28090 | Orc:2    | Found a roughly hewn altar of Beogh.
 28264 | Orc:3    | Found a staircase to the Elven Halls.
 28580 | Orc:3    | Found Wiahink's Assorted Antiques.
 28603 | Orc:3    | Bought a pair of faintly glowing boots for 275 gold pieces
 28603 | Orc:3    | Bought a shiny golden ring for 145 gold pieces
 28613 | Orc:3    | Identified the +0 pair of boots "Zilinoxt" {Str+4 Dex+4} (You bought it in a shop on level 3 of the Orcish Mines)
 28716 | Orc:3    | Found Ompoll's Antique Weapon Shop.
 28894 | Orc:3    | Found Wuthrots's Antique Armour Shoppe.
 28904 | Orc:3    | Bought a shimmering scale mail for 306 gold pieces
 28904 | Orc:3    | Bought a faintly glowing scale mail for 306 gold pieces
 28914 | Orc:3    | Identified the +6 scale mail of Buolig {MP+9} (You bought it in a shop on level 3 of the Orcish Mines)
 28928 | Orc:3    | Identified the +4 scale mail of the Stallion {Str+4} (You bought it in a shop on level 3 of the Orcish Mines)
 29239 | Orc:4    | Entered Level 4 of the Orcish Mines
 29239 | Orc:4    | Found Vitway's Weapon Boutique.
 29373 | Orc:4    | Noticed Donald
 29387 | Orc:4    | Killed Donald
 29434 | Orc:4    | Received a gift from Trog
 29440 | Orc:4    | Found Zec Wul's General Store.
 29791 | Orc:4    | Reached skill level 10 in Dodging
 30021 | Orc:4    | Found Jyelurgh's Weapon Shoppe.
 30036 | Orc:4    | Found Ijiff's Antique Armour Boutique.
 30271 | Orc:4    | Noticed Maud
 30283 | Orc:4    | Killed Maud
 30543 | Orc:4    | Found Aesaffa's Alliterative Accessories.
 31302 | Swamp:1  | Entered Level 1 of the Swamp
 32035 | Swamp:2  | Reached XP level 15. HP: 129/129 MP: 20/20
 32227 | Swamp:2  | Received a gift from Trog
 32722 | Swamp:2  | Reached skill level 15 in Maces & Flails
 34410 | Swamp:3  | Noticed a thorn hunter
 34436 | Swamp:3  | Killed a thorn hunter
 34743 | Swamp:4  | Entered Level 4 of the Swamp
 35013 | Swamp:4  | Noticed a thorn hunter
 35024 | Swamp:4  | Killed a thorn hunter
 35041 | Swamp:4  | Noticed a thorn hunter
 35069 | Swamp:4  | Reached skill level 16 in Maces & Flails
 35177 | Swamp:4  | Noticed Nikola
 35608 | Swamp:4  | Killed Nikola
 35811 | Swamp:4  | Noticed the 27-headed Lernaean hydra
 35876 | Swamp:4  | HP: 2/132 [the 27-headed Lernaean hydra (11)]
 35876 | Swamp:4  | Slain by the 27-headed Lernaean hydra

Vault maps used:
D:1:      minmay_arrival_hallway, patterned_corridor
D:2:      st_stairs_9, fedhas_altar_4
D:3:      first_bread, nicolae_ru_path_of_blood, uniq_iyjb
D:4:      gammafunk_temple_overflow_forgotten,
          hangedman_abyss_or_decor_lesser_grid, okawaru_gym_becter
D:5:      lemuel_castle_with_subvaults, serial_shops, shop_statue,
          grunt_ministairs_4
D:6:      minmay_temple_entry_enclosed_plants, grunt_decor_arrowhead,
          interstate_on_off
D:7:      uniq_pikel
D:8:      due_megacathedral, serial_shops, shop, shop, shop, grunt_pizzeria,
          st_stairs_11, kennysheep_nub
D:9:      grunt_temple_overflow_holy_war,
          grunt_temple_overflow_order_and_chaos_2, lair_0_dummy
D:10:     david_orc_5, uniq_sonja
D:11:     kennysheep_path_1, elyvilon_altar_3, uniq_nergalle
D:12:     serial_shops, shop
Temple:   oiseaux_autumnal_temple_12
Lair:1:   minivault_24, infiniplex_staircase_pool_2
Lair:2:   portal_ice_cave_entry_pillars_01, serial_bayou_shore_a,
          serial_bayou_shore_b
Lair:3:   lemuel_fruit_fields, lemuel_fruit_tree
Lair:4:   uniq_urug, uniq_snorg
Lair:5:   spider_nest_entry_a, beast_lair_carwin_4
Lair:6:   minmay_swamp_entry_swarm, basic_altar, serial_bayou_lagoon_b
Lair:7:   slime_altar_1
Lair:8:   minmay_lair_end_enchanted_forest, uniq_nessos
Swamp:1:  hangedman_swamp_lotus, swamp_pool2, cheibrodos_swamp_slimy
Swamp:2:  evilmike_swamp_ruin_house_6, swamp_pool5
Swamp:3:  evilmike_swamp_ruin_house_2, infiniplex_staircase_pool
Swamp:4:  swamp_old_school, swamp_pool5, uniq_nikola
Orc:2:    basic_altar, uniq_rupert, uniq_maurice
Orc:3:    serial_shops, shop, shop_fountains, shop, nicolae_orc_pool_cavern
Orc:4:    st_orc_open, nicolae_alphabet_shops, uniq_maud, uniq_donald
IceCv:    ice_cave_caverns_02

Action                   |  1- 3 |  4- 6 |  7- 9 | 10-12 | 13-15 || total
-------------------------+-------+-------+-------+-------+-------++-------
Melee: Mace              |    58 |       |       |       |       ||    58
       Flail             |    25 |    16 |       |       |       ||    41
       Whip              |       |    65 |   426 |   888 |  1837 ||  3216
       Spear             |       |       |       |     1 |       ||     1
       Morningstar       |       |       |       |       |     2 ||     2
Throw: Tomahawk          |       |       |     5 |       |       ||     5
Invok: Berserk           |       |     3 |     5 |    10 |    18 ||    36
       Trog's Hand       |       |       |       |     1 |     4 ||     5
       Brothers in Arms  |       |       |       |     1 |    12 ||    13
       Burn Spellbooks   |       |       |       |     2 |       ||     2
Evoke: Wand              |       |       |       |       |     8 ||     8
  Use: Scroll            |       |       |    14 |    10 |    21 ||    45
       Potion            |       |       |       |     1 |     5 ||     6
 Stab: Distracted        |       |       |       |       |     1 ||     1
  Eat: Chunk             |     3 |     7 |    19 |    23 |    19 ||    71
       Bread ration      |       |       |     1 |     1 |     6 ||     8
       Royal jelly       |       |       |       |     2 |       ||     2
       Beef jerky        |       |       |       |     2 |     2 ||     4
       Meat ration       |       |       |       |     2 |     4 ||     6
       Fruit             |       |       |       |     1 |     3 ||     4
       Pizza             |       |       |       |     1 |     1 ||     2
